 Dungeon Crawl Stone Soup version 0.17.0-9-g801d43b (webtiles) character file.

312 dorian the Chopper (level 6, -5/51 HPs)
             Began as a Hill Orc Abyssal Knight on Nov 9, 2015.
             Was a Believer of Lugonu.
             Slain by an orc warrior
             ... wielding a cursed -3 scimitar
              (12 damage)
             ... on level 3 of the Dungeon.
             The game lasted 00:06:42 (3245 turns).

dorian the Chopper (Hill Orc Abyssal Knight)        Turns: 3245, Time: 00:06:43

Health: -5/51      AC:  8    Str: 14 (17) XL:     6   Next: 42%
Magic:  9/9        EV:  9    Int: 15      God:    Lugonu [**....]
Gold:   92         SH:  0    Dex: 10      Spells: 0 memorised, 5 levels left

rFire  . . .     SeeInvis .     f - +0 halberd (chop)
rCold  . . .     Clarity  .     j - +1 scale mail
rNeg   . . .     SustAt   .     (shield currently unavailable)
rPois  .         Gourm    .     (no helmet)
rElec  .         Spirit   .     (no cloak)
rCorr  .         Warding  .     (no gloves)
rMut   .         Stasis   .     (no boots)
MR     .....                    e - amulet of rage
Stlth  ..........               (no ring)
                                w - +3 ring of intelligence

@: not resistant to hostile enchantments, extremely unstealthy
A: no striking features
a: Depart the Abyss, Bend Space, Renounce Religion, Evoke Berserk Rage


You were on level 3 of the Dungeon.
You worshipped Lugonu.
Lugonu was pleased with you.
You were not hungry.

You visited 1 branch of the dungeon, and saw 4 of its levels.
You visited the Abyss 1 time.

You collected 92 gold pieces.

Inventory:

Hand Weapons
 a - a +1 hand axe
 f - a +0 halberd of chopping (weapon)
Armour
 b - a +0 leather armour
 j - a +1 scale mail (worn)
 p - a +0 buckler
Jewellery
 e - an amulet of rage (around neck)
 q - an uncursed ring of fire
 r - an uncursed amulet of resist mutation
 v - an uncursed ring of teleportation
 w - a +3 ring of intelligence (left hand)
Wands
 n - a wand of digging (7)
Scrolls
 g - a scroll of magic mapping {unknown}
 h - 2 scrolls of identify
 i - a scroll of teleportation
 k - 2 scrolls of enchant armour
 l - a scroll of amnesia
 m - 2 scrolls of remove curse
Potions
 o - a potion of cancellation {unknown}
Comestibles
 c - a bread ration
 d - 2 meat rations


   Skills:
 - Level 3.6 Fighting
 + Level 5.7 Axes
 + Level 4.4 Armour
 - Level 0.7 Dodging
 + Level 5.1 Invocations


You had 5 spell levels left.
You didn't know any spells.

Dungeon Overview and Level Annotations

Branches:
Dungeon (4/15)
 Temple: D:4-7

Altars:
Ru
Xom
The Shining One

Annotations:
D:4 Pikel


Message History

There is a stone staircase leading up here.
Attack whom?
Press: ? - help, Dir - move target cursor, f - orc priest
Aim: an orc priest, wielding a mace and wearing a glowing scale mail You reach to attack!
You closely miss the orc priest.
The orc priest calls down the wrath of Beogh upon you.
Pain shoots through your body!
The orc priest calls down the wrath of Beogh upon you.
Something smites you!
The orc warrior hits you with a scimitar!
You climb upwards.
There is a stone staircase leading down here.
You closely miss the orc warrior.
The orc warrior hits you with a scimitar!
* * * LOW HITPOINT WARNING * * *
You are too injured to fight recklessly!
You are too injured to fight recklessly!
You closely miss the orc warrior.
The orc warrior hits you with a scimitar!
You die...

######## #....... #.####++
#.#≈≈≈§. ######.#≈§§§.
#......#≈≈#.#
######......#≈.§#.
#@...)......#≈.#.#
#o####......#≈§##† ### #.#
#.....##≈≈≈.. #<# #.#
########≈§≈.. #.# #.#
####'' #.#######.# #..
#.#.......# #..
#.#.#####.# #..
#.#.#####.##############.#


You could see an orc warrior.

Vanquished Creatures
  A sky beast (D:3)
  An orc wizard (D:3)
  A worker ant (D:3)
  4 gnolls (D:3)
  5 adders
  2 oozes
  3 worms
  3 giant geckos (D:3)
  2 ball pythons
  2 giant cockroaches (D:1)
  3 goblins (D:3)
  5 hobgoblins
  8 jackals
  2 quokkas
  6 bats
  4 giant newts
  14 kobolds
  7 rats
73 creatures vanquished.

Notes
Turn   | Place    | Note
--------------------------------------------------------------
     0 | Abyss:1  | dorian the Hill Orc Abyssal Knight began the quest for the Orb.
     0 | Abyss:1  | Reached XP level 1. HP: 19/19 MP: 2/2
    63 | Abyss:1  | Noticed a trapdoor spider
    63 | D:1      | Escaped the Abyss
   115 | D:1      | Reached * piety under Lugonu
   150 | D:1      | Reached XP level 2. HP: 16/26 MP: 3/3
   740 | D:1      | Reached XP level 3. HP: 31/31 MP: 5/5
   953 | D:2      | Found a faded altar to an unknown god.
  1042 | D:2      | Reached skill level 4 in Axes
  1228 | D:2      | Found a glowing golden altar of the Shining One.
  1364 | D:2      | Reached XP level 4. HP: 31/39 MP: 6/6
  1656 | D:3      | Reached ** piety under Lugonu
  1978 | D:3      | Found a shimmering altar of Xom.
  2200 | D:3      | Found a sacrificial altar of Ru.
  2218 | D:3      | Reached XP level 5. HP: 38/45 MP: 6/8
  2319 | D:3      | Noticed a sky beast
  2351 | D:3      | Killed a sky beast
  2351 | D:3      | Reached skill level 5 in Axes
  2561 | D:3      | Reached XP level 6. HP: 26/51 MP: 9/9
  2677 | D:3      | Reached skill level 5 in Invocations
  3092 | D:4      | Noticed Pikel
  3245 | D:3      | Slain by an orc warrior

Action                   |  1- 3 |  4- 6 || total
-------------------------+-------+-------++-------
Melee: Hand axe          |   120 |   175 ||   295
       Halberd           |       |    35 ||    35
Invok: Depart the Abyss  |     1 |       ||     1
  Use: Potion            |       |     4 ||     4
       Scroll            |       |     6 ||     6
 Stab: Paralysed         |       |     1 ||     1
  Eat: Pizza             |     1 |     1 ||     2
       Chunk             |       |     5 ||     5
